 Dungeon Crawl Stone Soup version 0.26-a0-665-gefeb406119 (webtiles) character file.

Game seed: 16029361411877550203

44 ANON1729 the Sneak (level 3, -2/18 HPs)
             Began as a Spriggan Brigand on Oct 15, 2020.
             Slain by a worm (12 damage)
             ... on level 2 of the Dungeon.
             The game lasted 00:01:24 (1664 turns).

ANON1729 the Sneak (Spriggan Brigand)               Turns: 1664, Time: 00:01:25

Health: -2/18      AC:  3    Str:  7    XL:     3   Next: 39%
Magic:  4/4        EV: 18    Int: 12    God:
Gold:   45         SH:  0    Dex: 18    Spells: 2/2 levels left

rFire    . . .     SeeInvis +   a - +2 dagger
rCold    . . .     Faith    .   (shield restricted)
rNeg     . . .     Spirit   .   b - +0 robe
rPois    .         Reflect  .   (helmet restricted)
rElec    .         Harm     .   c - +0 cloak
rCorr    .         Rampage  .   (gloves unavailable)
MR       .....                  (boots unavailable)
Stlth    +++.......             (no amulet)
HPRegen  0.06/turn              (no ring)
MPRegen  0.09/turn              (no ring)

@: very quick
A: very small, unfitting armour, see invisible, speed 3
a: no special abilities


You were on level 2 of the Dungeon.
You visited 1 branch of the dungeon, and saw 2 of its levels.

You collected 45 gold pieces.

Inventory:

Hand Weapons
 a - a +2 dagger (weapon)
Missiles
 d - 8 poisoned darts (quivered)
 e - 2 curare-tipped darts
 h - 2 datura-tipped darts
Armour
 b - a +0 robe (worn)
 c - a +0 cloak (worn)
Scrolls
 f - 2 scrolls of identify {unknown}
 k - a scroll of remove curse {unknown}
Potions
 g - a potion of haste {unknown}
 i - a potion of resistance {unknown}
 j - a potion of cancellation {unknown}


   Skills:
 + Level 2.0 Fighting
 + Level 2.7 Short Blades
 + Level 2.4 Throwing
 + Level 2.5 Dodging
 + Level 6.3 Stealth


You had 2 spell levels left.
You didn't know any spells.
Your spell library was empty.

Dungeon Overview and Level Annotations

Branches:
Dungeon (2/15)

Altars:


Innate Abilities, Weirdness & Mutations

You are very small and have problems with some larger weapons.
You are too small for most types of armour.
You have supernaturally acute eyesight. (SInv)
You cover ground extremely quickly.


Message History

A bat comes into view.
You hit the goblin.
You kill the goblin!
You hit the worm.
The worm is lightly wounded.
You hit the worm but do no damage.
The worm is lightly wounded.
The worm completely misses you.
You hit the worm.
The worm is moderately wounded.
You hit the worm.
The worm is moderately wounded.
The worm bites you!
You hit the worm.
The worm is heavily wounded.
You hit the worm.
The worm is heavily wounded.
The worm bites you!
Ouch! That really hurt!
You die...

....♣ .... #... ... ..
..# . #b# . ♣w# .
♣♣♣♣♣@♣ # ####♣♣.....♣
# ###.....♣P♣..♣
#####...##.♣♣.....♣
...#..####♣P♣PP...P♣##
##.....(..#♣.....P.♣.#
###..####.#♣P♣.♣P♣♣♣.#
#...## P♣.♣♣<..####
#.### ..♣♣.♣.......#


You could see a worm and a bat.

Vanquished Creatures
  An ooze (D:1)
  2 dart slugs (D:1)
  2 giant cockroaches (D:1)
  6 goblins
  3 hobgoblins
  5 bats
  4 frilled lizards
  6 kobolds
  5 rats (D:1)
34 creatures vanquished.

Vanquished Creatures (others)
  6 plants (D:2)
6 creatures vanquished.

Grand Total: 40 creatures vanquished

Notes
Turn   | Place    | Note
-------+----------+-------------------------------------------
     0 | D:1      | ANON1729 the Spriggan Brigand began the quest for the Orb.
     0 | D:1      | Reached XP level 1. HP: 10/10 MP: 2/2
   228 | D:1      | Reached skill level 6 in Stealth
   231 | D:1      | Reached XP level 2. HP: 13/15 MP: 3/3
   845 | D:1      | Reached XP level 3. HP: 18/18 MP: 4/4
  1664 | D:2      | Slain by a worm

Illustrated notes

Levels and vault maps discovered:
D:1:      heliophobic_arrival_glass_houses, layout_basic
D:2:      layout_rooms, lemuel_doored_altar, serial_forest,
          infiniplex_forest_straight_2, infiniplex_forest_3_way,
          infiniplex_forest_clump_curved, infiniplex_forest_clump_tiny,
          infiniplex_forest_clump_diagonal, infiniplex_forest_lined_3,
          infiniplex_forest_clump_long, infiniplex_forest_end_3,
          infiniplex_forest_clump_curved, infiniplex_forest_clump_diagonal,
          feat_on_display, uniq_terence

Skill      XL: |  1  2  3 |
---------------+----------+-----
Stealth        | 6 |  6.3
Dodging        | 2 |  2.5
Fighting       | 2 |  2.0
Short Blades   | |  2.7
Throwing       | |  2.4

Action                   || total
-------------------------++-------
Melee: Dagger            ||   200
 Stab: Sleeping          ||    12
Armor: Robe              ||    15
Dodge: Dodged            ||    79

Table legend: (Time is in decaauts)
 A = Elapsed time spent in this place.
 B = Non-inter-level travel time spent in this place.
 C = Inter-level travel time spent in this place.
 D = Time resting spent in this place.
 E = Time spent auto-exploring this place.
 F = Levels seen in this place.
 G = Mean time per level.
                   A        B        C        D        E       F      G
               +--------+--------+--------+--------+--------+-----+--------+
         Total |   1247 |   1226 |     21 |    114 |    843 |   2 |  623.5 |
       Dungeon |   1247 |   1226 |     21 |    114 |    843 |   2 |  623.5 |
               +--------+--------+--------+--------+--------+-----+--------+

Top non-repeatable levels by time:
     D:1: 914 daAuts
     D:2: 333 daAuts
